 Dungeon Crawl Stone Soup version 0.28-b1-38-gff268fdeb9 (webtiles) character file.

Game seed: 17872749608093513745

51963 Gabide the Basher (level 14, -3/114 HPs)
             Began as a Mummy Fighter on Feb 2, 2022.
             Was an Initiate of Gozag.
             Slain by a boulder beetle (47 damage)
             ... on level 12 of the Dungeon on Feb 3, 2022.
             The game lasted 01:14:28 (24488 turns).

Gabide the Basher (Mummy Fighter)                  Turns: 24488, Time: 01:14:28

Health: -3/114     AC: 28    Str: 19    XL:     14   Next: 25%
Magic:  14/14      EV:  6    Int:  8    God:    Gozag
Gold:   704        SH: 11    Dex: 15    Spells: 13/13 levels left

rFire   x . .      SeeInvis +   a - +3 eveningstar (protect)
rCold   + . .      Faith    .   u - +0 kite shield of Welej {rElec Will+++ Regen+ Str-4}
rNeg    + + +      Spirit   .   j - +0 plate armour
rPois   ∞          Reflect  .   F - +0 helmet {SInv}
rElec   +          Harm     .   g - +0 cloak
rCorr   .          Rampage  +   z - +0 pair of gloves
Will    +++++                   t - +1 pair of boots {rampage}
Stlth   ..........              (no amulet)
HPRegen 1.09/turn               d - ring of Veacsad {rElec rPois Will+ Dex+3}
MPRegen 0.14/turn               b - +4 ring of slaying

@: under a protective aura
A: cold resistance 1, negative energy resistance 3, torment resistance 2, heat
vulnerability 1, in touch with death 1, no potions
a: Renounce Religion, Potion Petition, Call Merchant, Bribe Branch


You were on level 12 of the Dungeon.
You worshipped Gozag.
Gozag was pleased with you.
You visited 3 branches of the dungeon, and saw 19 of its levels.
You also visited: Ossuary.

You collected 4993 gold pieces.
You spent 284 gold pieces at shops.
You paid 4005 gold pieces to Gozag.

Inventory:

Hand Weapons
 a - a +3 eveningstar of protection (weapon)
Armour
 g - a +0 cloak (worn)
 j - a +0 plate armour (worn)
 t - a +1 pair of boots of rampaging (worn)
 u - the +0 kite shield of Welej (worn) {rElec Will+++ Regen+ Str-4}
   (You acquired it on level 8 of the Dungeon)

   Str:       It affects your strength (-4).
   rElec:     It insulates you from electricity.
   Regen:     It increases your rate of health regeneration.
   Will:      It greatly increases your willpower.
 z - a +0 pair of gloves (worn)
 F - a +0 helmet of see invisible (worn)
 H - the +1 pair of boots of the Learner {Harm Fly rCorr Str-5}
   (You found it on level 4 of the Lair of Beasts)

   Str:       It affects your strength (-5).
   Fly:       It grants you flight.
   rCorr:     It protects you from acid and corrosion.
   Harm:      It increases damage dealt and taken.
Jewellery
 b - a +4 ring of slaying (right hand)
 d - the ring of Veacsad (left hand) {rElec rPois Will+ Dex+3}
   (You found it on level 1 of the Lair of Beasts)

   [ring of poison resistance]

   Dex:       It affects your dexterity (+3).
   rElec:     It insulates you from electricity.
   rPois:     It protects you from poison.
   Will:      It increases your willpower.
 x - a ring of see invisible
 E - a ring of willpower
Wands
 c - a wand of paralysis (9)
 h - a wand of iceblast (4)
 l - a wand of digging (4)
 v - a wand of flame (13)
 y - a wand of polymorph (4)
 D - a wand of charming (4)
Scrolls
 i - 2 scrolls of blinking
 k - a scroll of brand weapon
 m - 6 scrolls of noise
 n - 5 scrolls of fog
 p - 3 scrolls of silence
 q - 6 scrolls of identify
 r - 3 scrolls of teleportation
 s - 3 scrolls of fear
 w - 6 scrolls of amnesia
 A - 4 scrolls of enchant armour
Miscellaneous
 G - a phial of floods (inert)
 I - a condenser vane (inert)


   Skills:
 * Level 11.8 Fighting
 * Level 12.4(13.3) Maces & Flails
 - Level 7.6(11.0) Staves
 + Level 0.1 Throwing
 + Level 9.7 Armour
 + Level 2.5 Dodging
 * Level 8.6 Shields
 + Level 0.4 Evocations


You had 13 spell levels left.
You didn't know any spells.
Your spell library contained the following spells:

 Spells                   Type           Power      Damage    Failure   Level
 Animate Skeleton         Necr           0%         N/A       100%        1
 Apportation              Tloc           0%         N/A       100%        1
 Magic Dart               Conj           0%         1d3       100%        1
 Pain                     Necr           0%         1d4       100%        1
 Summon Small Mammal      Summ           0%         N/A       100%        1
 Call Imp                 Summ           0%         N/A       100%        2
 Conjure Flame            Conj/Fire      0%         6-21      100%        3
 Ignite Poison            Fire/Tmut/Pois 0%         N/A       100%        3
 Mephitic Cloud           Conj/Pois/Air  0%         N/A       100%        3
 Tukima's Dance           Hex            0%         N/A       100%        3
 Passage of Golubria      Tloc           0%         N/A       100%        4
 Petrify                  Tmut/Erth      0%         N/A       100%        4
 Sticky Flame             Conj/Fire      0%         2d3       100%        4
 Agony                    Necr           0%         N/A       100%        5
 Excruciating Wounds      Necr           0%         N/A       100%        5
 Irradiate                Conj/Tmut      0%         3d14      100%        5
 Yara's Violent Unravell  Hex/Tmut       0%         3d3       100%        5
 Sublimation of Blood     Necr           Unusable   N/A       N/A         2

Dungeon Overview and Level Annotations

Branches:
Dungeon (12/15)            Temple (1/1) D:7            Lair (6/6) D:9
 Shoals (0/4) Lair:4        Snake (0/4) Lair:3        Slime (0/5) Lair:6
    Orc (0/2) D:9         Ossuary (visited)

Altars:
Ashenzari
Cheibriados
Dithmenos
Elyvilon
Fedhas
Gozag
Hepliaklqana
Kikubaaqudgha
Makhleb
Nemelex Xobeh
Okawaru
Qazlal
Ru
Sif Muna
Trog
Uskayaw
Vehumet
Wu Jian
Xom
Yredelemnul
Zin
The Shining One
Jiyva

Shops:
D:4 :   D:8 *   D:11 (   Lair:1 (   Lair:5 *   Lair:6 [

Annotations:
D:12 2 runed translucent doors, NoScrollMutBadDesign's ghost, journeyman GrFi
Lair:3 1 runed translucent door, Foabaekk's ghost, journeyman GrMo
Lair:5 exclusion: oklob plant


Innate Abilities, Weirdness & Mutations

You are immune to poison.
Your flesh is cold resistant. (rC+)
You are immune to negative energy. (rN+++)
You are immune to unholy pain and torment.
You are vulnerable to heat. (rF-)
You are in touch with the powers of death.
You do not drink.


Message History

The boulder beetle is almost dead.
You block the vampire mosquito's attack.
You block the boulder beetle's attack.
The vampire mosquito bites you but does no damage.
You barely miss the boulder beetle.
The boulder beetle is almost dead.
You block the vampire mosquito's attack.
The boulder beetle bites you but does no damage.
A vampire mosquito comes into view.
The vampire mosquito bites you but does no damage.
You hit the boulder beetle.
The boulder beetle is almost dead.
You block the vampire mosquito's attack.
The boulder beetle leaps!
The vampire mosquito bites you.
You closely miss the vampire mosquito.
The vampire mosquito is heavily damaged.
The boulder beetle curls into a ball and begins rolling!
You puncture the vampire mosquito!
The vampire mosquito is heavily damaged.
The vampire mosquito bites you but does no damage.
You block the vampire mosquito's attack. x3
Aiming: Corrosive Bolt
Press: ? - help, Shift-Dir - straight line, f - boulder beetle
Aim: a boulder beetle (almost dead, rolling, 100% to hit)
The bolt of acid hits the boulder beetle but does no damage.
The boulder beetle is almost dead.
The vampire mosquito bites you but does no damage.
The vampire mosquito barely misses you.
The vampire mosquito bites you but does no damage. x2
Aiming: Corrosive Bolt
Press: ? - help, Shift-Dir - straight line, f/p - boulder beetle
Aim: a boulder beetle (almost dead, rolling, 100% to hit)
The bolt of acid hits the boulder beetle but does no damage.
The boulder beetle is almost dead.
The now-empty wand crumbles to dust.
You hear two shouts!
You block the vampire mosquito's attack.
The vampire mosquito bites you! The boulder beetle hits you!!!
You die...
Your body crumbles into a pile of gold.

# #### # # .... # +. ...
# #.. .°# # #..#####°.#
# ##......○..# #
......yB...# # ..
#y@...# #... #.....#
.... #.....# ....
#.....# ##.. ##.....####
.#... +.......... .#....
#.......... .#.....
$#..........
##......######..........


You could see a boulder beetle (rolling) and 2 vampire mosquitoes.

Vanquished Creatures
  Josephine (Lair:4)
  A boulder beetle (Lair:5)
  A death knight (D:11)
  3 hydras
  A two-headed ogre (D:11)
  6 death yaks (Lair:6)
  The ghost of kalagan the Thaumaturge, a journeyman DECj of Sif Muna (Lair:1)
  Urug (Lair:6)
  4 skeletal warriors
  A phantasmal warrior (D:11)
  A cyclops (D:11)
  A faun (shapeshifter) (D:11)
  9 elephants
  A guardian serpent (Lair:3)
  Joseph (D:10)
  4 black mambas
  9 cane toads
  An unseen horror (D:11)
  3 rime drakes
  A freezing wraith (D:11)
  5 komodo dragons
  A troll (D:10)
  4 polar bears
  A meliai (Lair:1)
  9 hornets
  A queen bee (Lair:1)
  Prince Ribbit (D:9)
  Grinder (D:4)
  18 dream sheep (Lair:6)
  14 spriggans
  11 yaks
  6 wraiths
  A basilisk (Lair:6)
  13 vampire mosquitoes
  2 steam dragons (D:7)
  16 water moccasins
  2 ice beasts
  A black bear (shapeshifter) (D:4)
  6 orc warriors
  2 sky beasts
  6 black bears
  2 ogres (D:6)
  37 wolves
  4 necrophages
  3 boggarts (Lair:6)
  6 centaurs
  Blork the orc (D:4)
  2 kobold brigands (D:8)
  17 bullfrogs
  13 scorpions
  A water moccasin zombie (D:7)
  A wyvern zombie (D:7)
  4 gnoll sergeants
  20 killer bees
  2 howler monkeys (D:3)
  14 wights
  An electric eel (Lair:3)
  7 centaur zombies
  A bullfrog zombie (D:7)
  3 centaur skeletons
  3 human zombies
  A jelly (D:3)
  3 orc priests
  A hound (D:4)
  A bullfrog skeleton (D:5)
  Crazy Yiuf (D:2)
  3 human skeletons (D:7)
  Jessica (D:2)
  3 iguanas
  4 scorpion zombies (Ossuary)
  10 orc wizards
  A hound zombie (D:5)
  2 hound skeletons
  3 mummies (Ossuary)
  3 howler monkey zombies
  6 adders
  16 gnolls
  A howler monkey skeleton (D:4)
  A shadow imp (D:7)
  2 white imps
  4 ufetubi
  An adder skeleton (D:4)
  5 worms
  4 dart slugs
  30 orcs
  8 endoplasms
  A giant cockroach (D:2)
  3 gnoll zombies (Ossuary)
  9 goblins
  10 hobgoblins
  10 jackals
  2 quokkas
  8 ball pythons
  9 bats
  A frilled lizard (D:1)
  2 hobgoblin zombies (Ossuary)
  20 kobolds
  3 kobold zombies (Ossuary)
  An orc skeleton (D:7)
  2 orc zombies (Ossuary)
  4 rats
514 creatures vanquished.

Vanquished Creatures (collateral kills)
  2 hydras (Lair:6)
  6 elephants (Lair:6)
  A wyvern (Lair:6)
  A water moccasin (Lair:6)
10 creatures vanquished.

Vanquished Creatures (others)
  7 demonic plants (D:2)
  10 fungi
  25 plants
  5 withered plants (D:2)
47 creatures vanquished.

Grand Total: 571 creatures vanquished

Notes
Turn   | Place    | Note
-------+----------+-------------------------------------------
     0 | D:1      | Gabide the Mummy Fighter began the quest for the Orb.
     0 | D:1      | Reached XP level 1. HP: 18/18 MP: 1/1
   249 | D:1      | Reached XP level 2. HP: 24/24 MP: 2/2
   793 | D:1      | Reached XP level 3. HP: 27/29 MP: 3/3
  1196 | D:1      | Reached skill level 2 in Maces & Flails
  1278 | D:2      | Found a shimmering altar of Xom.
  1671 | D:2      | Reached XP level 4. HP: 35/35 MP: 4/4
  1897 | D:2      | Found a runed translucent door.
  1900 | D:2      | Noticed Crazy Yiuf
  1913 | D:2      | Killed Crazy Yiuf
  2180 | D:2      | Noticed Jessica
  2188 | D:2      | Killed Jessica
  2272 | D:2      | Found a faded altar of an unknown god.
  2320 | D:2      | Reached XP level 5. HP: 38/42 MP: 5/5
  2415 | D:2      | Reached skill level 1 in Dodging
  3219 | D:3      | Reached skill level 1 in Staves
  3570 | D:4      | Noticed Blork the orc
  3570 | D:4      | Found Qoimokh's Book Boutique.
  4181 | D:4      | Noticed a necrophage
  4202 | D:3      | Reached XP level 6. HP: 21/48 MP: 6/6
  5349 | D:4      | Reached XP level 7. HP: 46/55 MP: 7/7
  5389 | D:4      | Killed Blork the orc
  5567 | D:4      | Noticed Grinder
  5577 | D:4      | Killed Grinder
  5818 | D:4      | Noticed Ijyb
  5824 | D:4      | Noticed Ijyb
  5824 | D:4      | Ijyb changed into Ijyb the shapeshifter
  5824 | D:4      | Noticed Ijyb
  5824 | D:4      | Ijyb the shapeshifter changed into Ijyb the raiju
  5826 | D:4      | Ijyb the raiju changed into Ijyb the black bear
  5876 | D:5      | Entered Level 5 of the Dungeon
  5910 | D:5      | Reached skill level 5 in Armour
  5910 | D:5      | Reached XP level 8. HP: 41/61 MP: 8/8
  6025 | D:5      | Reached skill level 5 in Fighting
  6100 | D:5      | Reached skill level 5 in Staves
  7251 | D:6      | Reached XP level 9. HP: 68/69 MP: 9/9
  9654 | D:7      | Found a sand-covered staircase.
  9845 | Ossuary  | Entered an ossuary
 10073 | Ossuary  | Reached XP level 10. HP: 74/79 MP: 10/10
 10626 | D:7      | Found a staircase to the Ecumenical Temple.
 11669 | Temple   | Entered the Ecumenical Temple
 11687 | Temple   | Became a worshipper of Gozag Ym Sagoz the Greedy
 11972 | D:8      | Identified 3 scrolls of acquirement
 11972 | D:8      | Acquired a +1 pair of boots of rampaging
 11979 | D:8      | Acquired the +0 kite shield of Welej {rElec Will+++ Regen+
                  | Str-4}
 11987 | D:8      | Acquired 1139 gold pieces
 12145 | D:8      | Reached skill level 3 in Maces & Flails
 12436 | D:8      | Found Mennom's General Store.
 12445 | D:8      | Bought a scroll of teleportation for 45 gold pieces
 12445 | D:8      | Bought a scroll of enchant weapon for 112 gold pieces
 12608 | D:9      | Found a staircase to the Orcish Mines.
 12669 | D:9      | Reached skill level 4 in Maces & Flails
 13173 | D:9      | Noticed Prince Ribbit
 13184 | D:9      | Killed Prince Ribbit
 13185 | D:9      | Reached skill level 5 in Maces & Flails
 13345 | D:9      | Found a staircase to the Lair.
 13502 | D:10     | Entered Level 10 of the Dungeon
 13693 | D:10     | Noticed Joseph
 13726 | D:10     | Killed Joseph
 13727 | D:10     | Reached XP level 11. HP: 81/86 MP: 11/11
 14196 | D:10     | Reached skill level 6 in Maces & Flails
 14805 | D:11     | Noticed a two-headed ogre
 14812 | D:11     | Killed a two-headed ogre
 15005 | D:11     | Reached skill level 7 in Maces & Flails
 15195 | D:11     | Found a radiant altar of Vehumet.
 15641 | D:12     | Noticed a necromancer
 15643 | D:12     | Noticed a lich
 15644 | D:12     | Noticed a deep troll earth mage
 15644 | D:12     | Noticed a fire dragon
 15703 | D:12     | Noticed a skeletal warrior
 15704 | D:12     | Noticed a skeletal warrior
 15705 | D:12     | Noticed a skeletal warrior
 15745 | D:11     | Killed a skeletal warrior
 15921 | D:11     | Killed a skeletal warrior
 15922 | D:11     | Reached skill level 5 in Shields
 15999 | D:12     | Killed a skeletal warrior
 16274 | D:12     | Found a runed translucent door.
 16278 | D:12     | Found a runed translucent door.
 16278 | D:12     | Noticed NoScrollMutBadDesign's ghost (journeyman GrFi)
 16280 | D:12     | Noticed a skeletal warrior
 16325 | D:12     | Noticed a skeletal warrior
 16327 | D:12     | Noticed a death knight
 16327 | D:12     | Noticed a phantasmal warrior
 16608 | Lair:1   | Entered Level 1 of the Lair of Beasts
 16652 | Lair:1   | Found a transporter.
 16654 | Lair:1   | Found a transporter.
 16654 | Lair:1   | Noticed kalagan's ghost (journeyman DECj)
 16733 | Lair:1   | Reached skill level 8 in Maces & Flails
 16774 | Lair:1   | Noticed a five-headed hydra
 16785 | Lair:1   | Killed a five-headed hydra
 16786 | Lair:1   | Reached XP level 12. HP: 63/95 MP: 12/12
 18475 | Lair:3   | Found a runed translucent door.
 18629 | Lair:3   | Noticed Foabaekk's ghost (journeyman GrMo)
 18653 | Lair:3   | Reached skill level 9 in Maces & Flails
 18991 | Lair:3   | Found a staircase to the Snake Pit.
 19166 | Lair:3   | Acquired a +0 helmet of see invisible
 19754 | Lair:4   | Noticed Josephine
 19799 | Lair:3   | Reached skill level 10 in Fighting
 19854 | Lair:4   | Killed Josephine
 19909 | Lair:4   | Found a sacrificial altar of Ru.
 20040 | Lair:4   | Identified the +1 pair of boots of the Learner {Harm Fly
                  | rCorr Str-5}
 20073 | Lair:4   | Found a staircase to the Shoals.
 20536 | Lair:5   | Reached skill level 10 in Maces & Flails
 20825 | Lair:5   | Noticed a boulder beetle
 20850 | Lair:5   | Killed a boulder beetle
 21284 | Lair:5   | Bought a scroll of enchant weapon for 127 gold pieces
 21293 | Lair:6   | Entered Level 6 of the Lair of Beasts
 21300 | Lair:6   | Noticed a four-headed hydra
 21311 | Lair:6   | Gained mutation: You are in touch with the powers of death.
                  | [Mummy growth]
 21311 | Lair:6   | Reached XP level 13. HP: 70/104 MP: 13/13
 21390 | Lair:6   | Found a staircase to the Slime Pits.
 21390 | Lair:6   | Found a viscous altar of Jiyva.
 21402 | Lair:6   | Acquired a +3 eveningstar of protection
 21678 | Lair:6   | Reached skill level 11 in Maces & Flails
 21721 | Lair:6   | Noticed Urug
 21947 | Lair:6   | Killed Urug
 22763 | Lair:6   | HP: 4/106 [spriggan rider (10)]
 23219 | Lair:6   | Reached XP level 14. HP: 23/113 MP: 14/14
 23222 | Lair:6   | Reached skill level 12 in Maces & Flails
 23599 | Lair:6   | Upgraded the game from 0.28-b1-25-g9875b3fc8c to
                  | 0.28-b1-38-gff268fdeb9
 23807 | Lair:1   | Killed kalagan's ghost
 23838 | Lair:1   | Identified the ring of Veacsad {rElec rPois Will+ Dex+3}
 24488 | D:12     | Slain by a boulder beetle

Illustrated notes

Levels and vault maps discovered:
D:1:      minmay_arrival_hallway, layout_loops_corners
D:2:      kennysheep_big_flooded_room, layout_loops_ring, basic_altar,
          shapermc_ecumenical_altar_gd, kennysheep_generic_room_11,
          uniq_crazy_yiuf_cottage, uniq_jessica
D:3:      layout_basic, fountainhead, minmay_misc_feat_hallway
D:4:      layout_rooms, serial_shops, shop_fountains, eino_tiny_chamber,
          st_stairs_4, uniq_grinder, uniq_blork_the_orc, uniq_ijyb
D:5:      layout_layer_cave, zin_treasury
D:6:      layout_basic, grunt_ministairs_10
D:7:      layout_loops_corners, minmay_temple_entry_statues_pillars,
          enter_bailey_2, nicolae_ossuary_entry_catacombs, chequers_garden
D:8:      layout_rooms, serial_shops, shop
D:9:      layout_basic, lair_entry_dummy, orc_0_dummy,
          minmay_fractal_squares_gapless_5, uniq_prince_ribbit1
D:10:     layout_loops_cross, uniq_joseph
D:11:     layout_irregular_city, fiery_altar_vehumet
D:12:     layout_irregular_city, muffindrake_ghost_dual_entry
Temple:   nicolae_temple_the_god_donut
Lair:1:   layout_gridlike, gammafunk_ghost_hive
Lair:2:   layout_regular_city, grunt_megastairs_5
Lair:3:   layout_cave_pods, minmay_snake_entry_spellcaster,
          ebering_ghost_inner_flame, lemuel_fruit_tree, serial_bayou_shore_a
Lair:4:   layout_loops_ring, elwin_shoals_entry_rocks, basic_altar,
          uniq_josephine
Lair:5:   layout_loops_ring, nzn_sisyphean_effort, serial_bayou_shore_b,
          grunt_megastairs_2
Lair:6:   minmay_lair_end_enchanted_forest, layout_hall_layers, slime_altar_1,
          chequers_serial_rivers_small_a, uniq_urug

Skill      XL: |  1  2  3  4  5  6  7  8  9 10 11 12 13 14 |
---------------+-------------------------------------------+-----
Maces & Flails | 2 5 8 10 11 12 | 12.4
Armour         | 3 4 5 6 7 8 9 |  9.7
Shields        | 3 4 5 7 8 |  8.6
Dodging        | 1 2 |  2.5
Staves         | 2 4 5 7 |  7.6
Fighting       | 4 6 7 8 9 10 11 | 11.8
Throwing       | |  0.1
Evocations     | |  0.4

Action                   |  1- 3 |  4- 6 |  7- 9 | 10-12 | 13-15 || total
-------------------------+-------+-------+-------+-------+-------++-------
Melee: Flail             |    42 |       |       |    65 |       ||   107
       Whip              |    96 |    27 |       |       |       ||   123
       Quarterstaff      |       |   140 |   358 |    75 |       ||   573
       Morningstar       |       |       |       |  1319 |     9 ||  1328
       Eveningstar       |       |       |       |       |   550 ||   550
Throw: Throwing net      |       |       |       |     8 |       ||     8
Invok: Potion Petition   |       |       |       |     2 |     1 ||     3
       Call Merchant     |       |       |       |     3 |     1 ||     4
Evoke: Wand              |       |       |     1 |     4 |    15 ||    20
       Phial of floods   |       |       |       |       |     1 ||     1
       Condenser vane    |       |       |       |       |     1 ||     1
  Use: Scroll            |     1 |     1 |     9 |    17 |     7 ||    35
 Stab: Confused          |       |     1 |     2 |       |       ||     3
       Paralysed         |       |       |     3 |     4 |       ||     7
       Petrified         |       |       |     2 |       |       ||     2
       Petrifying        |       |       |     1 |       |       ||     1
       Distracted        |       |       |       |     8 |     1 ||     9
       Held in net/web   |       |       |       |     2 |       ||     2
Armor: Scale mail        |    29 |       |       |       |       ||    29
       Chain mail        |    34 |   136 |     6 |       |       ||   176
       Plate armour      |       |       |   273 |  1466 |   494 ||  2233
Dodge: Dodged            |    52 |   120 |   131 |   445 |   118 ||   866
Block: Buckler           |    20 |     5 |       |       |       ||    25
       Kite shield       |       |       |       |   867 |   391 ||  1258
